 Dungeon Crawl Stone Soup version 0.30.0-18-gc0e69614cb (webtiles) character file.

Game seed: 16382629980815069774

1352 workbot the Cleaver (level 8, -2/64 HPs)
             Began as a Minotaur Berserker on May 18, 2023.
             Was a Priest of Trog.
             Killed from afar by Pikel (14 damage)
             ... with a bolt of acid
             ... on level 7 of the Dungeon on May 23, 2023.
             The game lasted 00:11:12 (4688 turns).

workbot the Cleaver (Minotaur Berserker)            Turns: 4688, Time: 00:11:12

Health: -2/64      AC:  9    Str: 25    XL:     8   Next: 36%
Magic:  7/7        EV:  9    Int:  4    God:    Trog [***...]
Gold:   200        SH:  0    Dex: 15    Spells: 7/7 levels left

rFire   + . .        y - +2 war axe
rCold   . . .        (no shield)
rNeg    . . .        d - +0 chain mail
rPois   .            (helmet restricted)
rElec   .            t - +1 cloak
rCorr   .            m - +0 pair of gloves
SInv    .            p - +0 pair of boots
Will    .....        (no amulet) Stlth
                     j - ring of protection from fire
HPRegen 0.30/turn    q - +6 ring of dexterity
MPRegen 0.10/turn

%: no passive effects
@: corroded, on berserk cooldown, slowed, very slow
A: horns 2, retaliatory headbutt
a: Renounce Religion, Berserk, Trog's Hand


You were on level 7 of the Dungeon.
You worshipped Trog.
Trog was most pleased with you.
You visited 1 branch of the dungeon, and saw 7 of its levels.

You collected 310 gold pieces.
You spent 110 gold pieces at shops.

Inventory:

Hand Weapons
 x - a +1 heavy flail
 y - a +2 war axe (weapon)
Armour
 d - a +0 chain mail (worn)
 h - a +2 helmet
 m - a +0 pair of gloves (worn)
 p - a +0 pair of boots (worn)
 t - a +1 cloak (worn)
Jewellery
 j - a ring of protection from fire (left hand)
 q - a +6 ring of dexterity (right hand)
Scrolls
 a - a scroll of immolation {unknown}
 c - a scroll of torment {unknown}
 e - 3 scrolls of fog {unknown}
 i - a scroll of noise {unknown}
 k - a scroll of enchant armour {unknown}
 l - 2 scrolls of teleportation {unknown}
 n - a scroll of poison {unknown}
 u - 3 scrolls of magic mapping
 w - a scroll of fear {unknown}
 A - a scroll of acquirement {unknown}
Potions
 b - a potion of lignification {unknown}
 f - 2 potions of mutation
 g - a potion of berserk rage
 o - a potion of brilliance {unknown}
 r - 2 potions of flight {unknown}
 s - 5 potions of curing
 v - 2 potions of ambrosia {unknown}
 z - a potion of might {unknown}


   Skills:
 - Level 3.6 Fighting
 * Level 12.7 Axes
 - Level 2.4 Armour
 - Level 2.1 Dodging


You had 7 spell levels left.
You didn't know any spells.
Your spell library was empty.

Dungeon Overview and Level Annotations

Branches:
Dungeon (7/15)             Temple (0/1) D:7

Altars:
Ashenzari
Cheibriados

Shops:
D:4 *=(   D:6 =

Annotations:
D:7 Pikel


Innate Abilities, Weirdness & Mutations

You have a pair of horns on your head.
You reflexively headbutt those who attack you in melee.


Message History

You kill the water moccasin!
Trog accepts your kill.
You slash the lemure! You headbutt the lemure!
You kill the lemure!
That felt strangely unrewarding.
You are no longer berserk.
You are exhausted.
You feel yourself slow down.
Pikel zaps a wand.
The bolt of acid hits you! The acid corrodes you!
You see here a water moccasin corpse.
You hit Pikel.
Pikel is lightly wounded.
Pikel hits you with a +2 whip of freezing.
Pikel freezes you.
You barely miss Pikel. Your headbutt misses Pikel.
Pikel is lightly wounded.
Pikel hits you with a +2 whip of freezing.
Pikel freezes you.
You slash Pikel! You headbutt Pikel, but do no damage.
Pikel is moderately wounded.
Pikel zaps a wand.
The bolt of acid hits you!!
Pikel hits you with a +2 whip of freezing.
* * * LOW HITPOINT WARNING * * *
Pikel freezes you.
* * * LOW HITPOINT WARNING * * *
It was a potion of curing.
You feel better.
Pikel hits you with a +2 whip of freezing!
* * * LOW HITPOINT WARNING * * *
Pikel freezes you.
* * * LOW HITPOINT WARNING * * *
You feel better.
Pikel hits you with a +2 whip of freezing.
* * * LOW HITPOINT WARNING * * *
Pikel freezes you.
* * * LOW HITPOINT WARNING * * *
Pikel hits you but does no damage.
You slash Pikel!
Pikel is heavily wounded.
Pikel zaps a wand.
The bolt of acid hits you!
You die...

#.......# ###.###.#
#.# #.# #.###.#
#.....# #####.# #
#######.# ..#
#.......######.....
...#####....@K......
#..###.###.## #
#.... .# # ##.#####
#.# #.# #.. ###


You could see Pikel.

Vanquished Creatures
  2 water moccasins
  An orc warrior (D:6)
  A sky beast (D:6)
  2 ogres
  2 ice beasts (D:6)
  4 lemures (D:7)
  2 scorpions (D:5)
  3 hounds
  A jelly (D:6)
  A gnoll bouda (D:6)
  2 iguanas (D:6)
  An orc wizard (D:6)
  2 sleepcaps (D:5)
  Robin (D:4)
  A gnoll (D:1)
  7 adders
  A shadow imp (D:5)
  An ufetubus (D:6)
  2 worms
  8 orcs
  8 bats
  6 endoplasms
  5 giant cockroaches
  19 goblins
  9 hobgoblins
  4 jackals (D:1)
  9 kobolds
  5 quokkas
  9 ball pythons
  7 frilled lizards
  2 rats (D:2)
128 creatures vanquished.

Notes
Turn   | Place    | Note
-------+----------+-------------------------------------------
     0 | D:1      | workbot the Minotaur Berserker began the quest for the Orb.
     0 | D:1      | Reached XP level 1. HP: 19/19 MP: 0/0
    72 | D:1      | Reached skill level 4 in Axes
    96 | D:1      | Reached XP level 2. HP: 26/26 MP: 1/1
   269 | D:1      | Reached skill level 5 in Axes
   517 | D:1      | Reached XP level 3. HP: 31/31 MP: 2/2
   879 | D:2      | Reached ** piety under Trog
   910 | D:2      | Found a faded altar of an unknown god.
  1465 | D:3      | Reached XP level 4. HP: 39/39 MP: 3/3
  1467 | D:3      | Reached skill level 6 in Axes
  1630 | D:3      | Upgraded the game from 0.30.0-15-g856e2d3f33 to
                  | 0.30.0-18-gc0e69614cb
  1986 | D:3      | Found a broken altar of Ashenzari.
  2051 | D:3      | Found a snail-covered altar of Cheibriados.
  2343 | D:4      | Found Gitre's Jewellery Boutique.
  2401 | D:4      | Reached *** piety under Trog
  2402 | D:4      | Reached skill level 7 in Axes
  2402 | D:4      | Reached XP level 5. HP: 45/45 MP: 4/4
  2411 | D:4      | Noticed Robin
  2416 | D:4      | Killed Robin
  2490 | D:4      | Found Befaleump's Antique Weapon Shoppe.
  2722 | D:4      | Noticed an ogre
  2731 | D:4      | Killed an ogre
  2732 | D:4      | Reached skill level 8 in Axes
  2803 | D:4      | Found Kieh's General Store.
  2812 | D:4      | Bought a +0 war axe for 35 gold pieces
  2812 | D:4      | Bought a scroll of enchant weapon for 75 gold pieces
  3110 | D:5      | Entered Level 5 of the Dungeon
  3163 | D:5      | Reached XP level 6. HP: 51/51 MP: 5/5
  3622 | D:5      | Reached skill level 9 in Axes
  3682 | D:5      | Reached XP level 7. HP: 48/57 MP: 6/6
  3789 | D:6      | Reached skill level 10 in Axes
  4014 | D:6      | Reached skill level 11 in Axes
  4164 | D:6      | Reached XP level 8. HP: 64/64 MP: 7/7
  4347 | D:6      | Reached skill level 12 in Axes
  4348 | D:6      | Found Zischamar's Jewellery Shop.
  4358 | D:6      | Reached **** piety under Trog
  4599 | D:7      | Found a staircase to the Ecumenical Temple.
  4665 | D:7      | Noticed Pikel
  4688 | D:7      | Killed from afar by Pikel

Illustrated notes

Levels and vault maps discovered:
D:1:      tarquinn_simple_flora_water_d, layout_basic
D:2:      layout_basic, dreamdust_ecumenical_altar_statues
D:3:      layout_basic, mainiacjoe_overflow_swirl, minmay_misc_feat_cross
D:4:      layout_gridville, serial_shops, nicolae_square_shop, shop, shop,
          uniq_robin
D:5:      layout_basic
D:6:      layout_gridville, serial_shops, shop, minmay_holes, st_stairs_8
D:7:      layout_loops_corners, minmay_temple_entry_antechambers,
          enter_bailey_7, uniq_pikel

Skill      XL: |  1  2  3  4  5  6  7  8 |
---------------+-------------------------+-----
Axes           | 4 5 7 8 9 11 12 | 12.7
Fighting       | |  3.6
Armour         | |  2.4
Dodging        | |  2.1

Action                     |  1- 3 |  4- 6 |  7- 9 || total
---------------------------+-------+-------+-------++-------
  Melee: Hand axe          |   105 |    87 |       ||   192
         Headbutt          |    14 |    26 |    12 ||    52
         Punch             |       |     1 |     1 ||     2
         War axe           |       |    33 |    75 ||   108
 Invoke: Berserk           |     1 |     2 |     1 ||     4
    Use: Scroll            |       |     6 |       ||     6
         Potion            |       |       |     2 ||     2
   Stab: Sleeping          |     1 |       |       ||     1
 Armour: Chain mail        |    55 |    71 |    33 ||   159
  Dodge: Dodged            |    53 |    49 |    24 ||   126
